 Dungeon Crawl Stone Soup version 0.24.1-8-ga250c9d538 (webtiles) character file.

Game seed: 3105260591388477722, levelgen mode: deterministic

17353 Curus the Basher (level 12, -1/113 HPs)
             Began as a Minotaur Gladiator on May 9, 2020.
             Was a High Priest of Okawaru.
             Slain by a blink frog (5 damage)
             ... while petrified by a basilisk
             ... on level 2 of the Lair of Beasts.
             The game lasted 00:55:04 (9937 turns).

Curus the Basher (Minotaur Gladiator)               Turns: 9937, Time: 00:55:05

Health: -1/113     AC: 15    Str: 20    XL:     12   Next: 18%
Magic:  12/14      EV:  2    Int:  4    God:    Okawaru [*****.]
Gold:   634        SH:  0    Dex: 17    Spells: 11/11 levels left

rFire    . . .     SeeInvis +   N - +3 dire flail (protect)
rCold    + . .     Gourm    .   (shield currently unavailable)
rNeg     + + +     Faith    .   u - +1 leather armour of the Lich-sworn {rElec rPois Int-5}
rPois    ∞         Spirit   .   c - +2 hat
rElec    +         Reflect  +   l - +2 cloak
rCorr    .         Harm     .   g - +2 pair of gloves
MR       +....     Rnd*Rage +   (no boots)
Stlth    +++.......             q - +3 amulet of reflection
HPRegen  0.28/turn              n - +2 ring of protection
MPRegen  0.14/turn              M - ring of Woduliph {rC+ Dex+3 SInv}

@: petrified, heroism
A: retaliatory headbutt, horns 2, berserk 1, magic resistance 1, strong 1
a: Heroism, Finesse, Renounce Religion


You were on level 2 of the Lair of Beasts.
You worshipped Okawaru.
Okawaru was extremely pleased with you.
You were not hungry.

You visited 3 branches of the dungeon, and saw 14 of its levels.

You collected 634 gold pieces.

Inventory:

Hand Weapons
 a - a +0 flail
 r - a +1 morningstar
 w - a +4 flail of draining
 D - a +0 dire flail
 L - a +2 flail of protection
 N - a +3 dire flail of protection (weapon)
Missiles
 d - 4 throwing nets (quivered)
Armour
 b - a +0 leather armour
 c - a +2 hat (worn)
 g - a +2 pair of gloves (worn)
 j - the cursed +0 ring mail of Ysyttum {Str+3}
   (You found it on level 5 of the Dungeon)

   It affects your strength (+3).
   It has a curse placed upon it.
 k - a +1 ring mail
 l - a +2 cloak (worn)
 u - the +1 leather armour of the Lich-sworn (worn) {rElec rPois Int-5}
   (You found it on level 5 of the Dungeon)

   It affects your intelligence (-5).
   It insulates you from electricity.
   It protects you from poison.
 I - a +4 ring mail of cold resistance
 J - a +1 pair of gloves
Jewellery
 e - an uncursed ring of attention
 n - a +2 ring of protection (left hand)
 q - a +3 amulet of reflection (around neck)
 v - an uncursed amulet of guardian spirit
 y - an uncursed amulet of harm
 E - an uncursed ring of resist corrosion
 M - the ring of Woduliph (right hand) {rC+ Dex+3 SInv}
   (You acquired it on level 11 of the Dungeon)

   [ring of see invisible]

   It affects your dexterity (+3).
   It protects you from cold.
   It lets you see invisible.
Wands
 m - a wand of enslavement (7)
 z - a wand of iceblast (15)
 A - a wand of clouds (4)
 B - a wand of polymorph (19)
 G - a wand of acid (7)
 P - a wand of paralysis (7)
Scrolls
 i - 4 scrolls of identify
 o - a scroll of fog
 p - 3 scrolls of enchant armour
 s - 9 scrolls of teleportation
 x - 5 scrolls of remove curse
 C - a scroll of blinking
 F - 4 scrolls of amnesia
 K - a scroll of magic mapping
Potions
 h - 7 potions of flight
 t - 9 potions of curing
 O - a potion of might
Comestibles
 f - 28 rations
 H - 5 chunks of flesh


   Skills:
 - Level 12.6(17.6) Fighting
 - Level 14.0(19.0) Maces & Flails
 - Level 2.0(7.0) Throwing
 - Level 11.9(16.9) Dodging
 + Level 4.2 Invocations
 + Level 3.8 Evocations


You had 11 spell levels left.
You didn't know any spells.
Your spell library was empty.

Dungeon Overview and Level Annotations

Branches:
Dungeon (11/15)            Temple (1/1) D:6            Lair (2/6) D:11
    Orc (0/2) D:11
  Swamp: Lair:2-4    Shoals: Lair:2-4     Snake: Lair:2-4    Spider: Lair:2-4

Altars:
Kikubaaqudgha
Makhleb
Okawaru
Ru
Trog
Vehumet
Wu Jian
Xom
Yredelemnul
The Shining One

Annotations:
D:8 2 transporters, brucemayne's ghost, novice HOMo
D:11 Sonja


Innate Abilities, Weirdness & Mutations

You reflexively headbutt those who attack you in melee.
You have a pair of horns on your head.
You tend to lose your temper in combat.
You are resistant to hostile enchantments. (MR+)
Your muscles are strong. (Str +2)


Message History

Your Invocations skill increases to level 4!
As you read the scroll of teleportation, it crumbles to dust.
You feel strangely unstable.
The basilisk is engulfed in calcifying dust.
The basilisk is moving more slowly.
The basilisk closely misses you.
You have turned to stone.
The basilisk is engulfed in calcifying dust.
The basilisk stops moving altogether!
The four-headed hydra bites you.
* * * LOW HITPOINT WARNING * * *
The four-headed hydra bites you.
* * * LOW HITPOINT WARNING * * *
The four-headed hydra bites you!
* * * LOW HITPOINT WARNING * * *
The four-headed hydra bites you but does no damage.
The spiny frog stings you.
* * * LOW HITPOINT WARNING * * *
Your surroundings suddenly seem different.
A blink frog comes into view.
The blink frog hits you!
You die...

#........#
#........##
#.........
#.......#
##.......#
#........#
#....F..#
#....@..#
#.........#
#.........##
..........#
..........#
...........
..........##
..........#


You could see a blink frog.

Vanquished Creatures
  A hydra (Lair:1)
  A catoblepas (Lair:2)
  A two-headed ogre (D:11)
  Urug (D:11)
  2 ugly things (D:11)
  Joseph (D:9)
  A torpor snail (Lair:2)
  2 kobold demonologists (D:10)
  A komodo dragon (Lair:1)
  3 blink frogs (Lair:1)
  A hippogriff (D:10)
  A shadow (D:11)
  4 wyverns
  14 yaks
  The ghost of Peloso the Skirmisher, an amateur DsFi (D:4)
  3 basilisks
  2 hungry ghosts
  Edmund (D:6)
  A soldier ant (D:10)
  2 water moccasins (D:11)
  4 porcupines
  5 orc warriors
  3 ice beasts
  4 sky beasts
  4 black bears (D:11)
  A hornet zombie (D:7)
  An eye of draining (D:10)
  A phantom (D:8)
  A wolf (D:11)
  8 ogres
  5 centaurs
  5 crocodiles
  4 big kobolds
  7 bullfrogs
  A wyvern zombie (D:7)
  5 scorpions
  7 killer bees
  4 howler monkeys
  9 electric eels
  6 crimson imps
  4 bullfrog zombies
  3 centaur zombies
  2 jellies
  4 orc priests
  2 centaur skeletons
  5 hounds
  Crazy Yiuf (D:2)
  4 bullfrog skeletons
  10 orc wizards
  Jessica (D:3)
  4 iguanas
  11 worker ants
  A hound zombie (D:4)
  A hound skeleton (D:5)
  A howler monkey zombie (D:9)
  4 worker ant zombies
  12 adders
  5 shadow imps
  2 oozes (D:4)
  3 adder skeletons
  2 worms
  3 dart slugs (D:1)
  7 leopard geckos
  54 orcs
  3 giant cockroaches
  11 goblins
  7 hobgoblins
  7 jackals
  5 quokkas
  A ball python (D:5)
  6 bats
  3 frilled lizards
  21 kobolds
  A leopard gecko skeleton (D:5)
  9 rats
  A plant (D:7)
350 creatures vanquished.

Vanquished Creatures (others)
  An orc (D:9)
  A kobold (D:11)
  A bush (D:11)
  4 fungi (D:11)
  13 plants
20 creatures vanquished.

Grand Total: 370 creatures vanquished

Notes
Turn   | Place    | Note
-------+----------+-------------------------------------------
     0 | D:1      | Curus the Minotaur Gladiator began the quest for the Orb.
     0 | D:1      | Reached XP level 1. HP: 18/18 MP: 0/0
    14 | D:1      | Reached skill level 4 in Maces & Flails
    90 | D:1      | Reached XP level 2. HP: 17/25 MP: 1/1
   374 | D:1      | Reached skill level 5 in Maces & Flails
   422 | D:1      | Reached XP level 3. HP: 30/30 MP: 2/2
  1172 | D:2      | Found a runed translucent door.
  1173 | D:2      | Noticed Crazy Yiuf
  1621 | D:2      | Killed Crazy Yiuf
  1621 | D:2      | Reached skill level 6 in Maces & Flails
  1621 | D:2      | Reached XP level 4. HP: 37/37 MP: 3/3
  1705 | D:3      | Noticed Jessica
  1712 | D:3      | Killed Jessica
  1777 | D:3      | Reached skill level 7 in Maces & Flails
  1777 | D:3      | Reached XP level 5. HP: 35/42 MP: 4/4
  1845 | D:3      | Gained mutation: You tend to lose your temper in combat.
                  | [potion of mutation]
  1845 | D:3      | Gained mutation: Your muscles are strong. (Str +2) [potion
                  | of mutation]
  1845 | D:3      | Gained mutation: You are resistant to hostile enchantments.
                  | (MR+) [potion of mutation]
  2215 | D:3      | Reached skill level 8 in Maces & Flails
  2398 | D:4      | Reached XP level 6. HP: 49/50 MP: 5/5
  2494 | D:4      | Reached skill level 9 in Maces & Flails
  2668 | D:4      | Found a runed translucent gate.
  2669 | D:4      | Found a runed translucent gate.
  2669 | D:4      | Found a runed translucent gate.
  2669 | D:4      | Noticed Peloso's ghost (amateur DsFi)
  3080 | D:4      | Reached XP level 7. HP: 45/56 MP: 6/6
  3224 | D:5      | Entered Level 5 of the Dungeon
  3251 | D:5      | Reached skill level 10 in Maces & Flails
  3371 | D:5      | Got a steaming leather armour
  3383 | D:5      | Identified the cursed +1 leather armour of the Lich-sworn
                  | {rElec rPois Int-5} (You found it on level 5 of the
                  | Dungeon)
  3450 | D:5      | Got a scorched ring mail
  3615 | D:5      | Reached skill level 11 in Maces & Flails
  3829 | D:4      | Killed Peloso's ghost
  3829 | D:4      | Reached XP level 8. HP: 46/62 MP: 7/7
  3845 | D:4      | Reached skill level 12 in Maces & Flails
  3919 | D:5      | You fall into a shaft and drop 2 floors!
  4163 | D:5      | Identified the cursed +0 ring mail of Ysyttum {Str+3} (You
                  | found it on level 5 of the Dungeon)
  4166 | D:6      | Noticed Edmund
  4177 | D:6      | Killed Edmund
  4184 | D:6      | Reached skill level 13 in Maces & Flails
  4188 | D:6      | Found a staircase to the Ecumenical Temple.
  4201 | Temple   | Entered the Ecumenical Temple
  4210 | Temple   | Became a worshipper of Warmaster Okawaru
  4674 | D:6      | Found an ornate altar of the Wu Jian Council.
  4774 | D:6      | Found a burning altar of Makhleb.
  4774 | D:6      | Noticed an Executioner
  5140 | D:7      | Reached * piety under Okawaru
  5140 | D:7      | Reached XP level 9. HP: 68/68 MP: 8/8
  5172 | D:7      | Reached skill level 14 in Maces & Flails
  5479 | D:7      | Reached skill level 5 in Dodging
  5495 | D:7      | Reached skill level 5 in Fighting
  5843 | D:7      | Reached ** piety under Okawaru
  6090 | D:8      | Noticed a moth of wrath
  6126 | D:8      | Found a transporter.
  6127 | D:8      | Found a bloodstained altar of Trog.
  6127 | D:8      | Noticed brucemayne's ghost (novice HOMo)
  6127 | D:8      | Identified the +7 trident "Qimuuddoho" {flame, *Noise Str-2
                  | Dex+5 Stlth+}
  6128 | D:8      | Identified the +5 giant spiked club of Articulation {chaos,
                  | rN+ Int+5 Dex-2}
  6128 | D:8      | Noticed a two-headed ogre
  6134 | D:8      | Found a transporter.
  6424 | D:8      | Reached XP level 10. HP: 86/86 MP: 9/9
  6640 | D:8      | Reached *** piety under Okawaru
  6767 | D:9      | Noticed Joseph
  6788 | D:9      | Killed Joseph
  7574 | D:10     | Entered Level 10 of the Dungeon
  7637 | D:10     | Noticed an orange demon
  7641 | D:10     | Noticed a soul eater
  7643 | D:10     | Reached **** piety under Okawaru
  7654 | D:10     | Noticed an orange demon
  7810 | D:10     | Reached skill level 10 in Fighting
  8433 | D:11     | Reached skill level 10 in Dodging
  8437 | D:11     | Reached XP level 11. HP: 90/101 MP: 10/10
  8455 | D:11     | Found a staircase to the Orcish Mines.
  8480 | D:11     | Noticed a two-headed ogre
  8496 | D:11     | Killed a two-headed ogre
  8496 | D:11     | Reached ***** piety under Okawaru
  8535 | D:11     | Noticed Urug
  8558 | D:11     | Killed Urug
  8696 | D:11     | Noticed a white ugly thing
  8710 | D:11     | Killed a white ugly thing
  8725 | D:11     | Identified a scroll of acquirement
  8726 | D:11     | Got a scintillating lapis lazuli ring
  8728 | D:11     | Identified the ring of Woduliph {rC+ Dex+3 SInv} (You
                  | acquired it on level 11 of the Dungeon)
  8894 | D:11     | Noticed a white ugly thing
  8907 | D:11     | Killed a white ugly thing
  8908 | D:11     | Received a gift from Okawaru
  8984 | D:11     | Received a gift from Okawaru
  8988 | D:11     | Noticed Sonja
  8995 | D:11     | Found a staircase to the Lair.
  9229 | Lair:1   | Entered Level 1 of the Lair of Beasts
  9280 | Lair:1   | Reached skill level 1 in Invocations
  9280 | Lair:1   | Reached skill level 1 in Evocations
  9350 | Lair:1   | Noticed an eight-headed hydra
  9357 | Lair:1   | Killed an eight-headed hydra
  9357 | Lair:1   | Received a gift from Okawaru
  9581 | Lair:1   | Reached XP level 12. HP: 113/113 MP: 11/13
  9585 | Lair:1   | Reached ****** piety under Okawaru
  9910 | Lair:2   | Noticed a catoblepas
  9923 | Lair:2   | Noticed a four-headed hydra
  9929 | Lair:2   | Killed a catoblepas
  9931 | Lair:2   | HP: 4/113 [four-headed hydra (5)]
  9937 | Lair:2   | Slain by a blink frog

Levels and vault maps discovered:
D:1:      dpeg_arrival_short_road, layout_loops_ring
D:2:      layout_loops_ring, first_ration, uniq_crazy_yiuf_cottage
D:3:      layout_basic, uniq_jessica
D:4:      layout_basic, gammafunk_ghost_necromancy
D:5:      layout_basic
D:6:      layout_loops_ring, marbit_many_paths, minmay_temple_entry_waves,
          glass_columns_b, makhleb_altar_promises_db, uniq_edmund
D:7:      layout_basic, serial_bayou, serial_bayou_pond_e,
          serial_bayou_lagoon_a, serial_bayou_lagoon_b, serial_bayou_shore_b,
          grunt_ogre_cave
D:8:      layout_basic, gammafunk_ghost_wrathful_warriors
D:9:      layout_cave_pods, uniq_joseph
D:10:     layout_gridville
D:11:     layout_basic, minmay_lair_entry_grove, orc_0_dummy, serial_bayou,
          serial_bayou_shore_a, serial_bayou_pond_b, serial_bayou_ford_a,
          serial_bayou_lake_a, uniq_urug, uniq_sonja
Temple:   compressed_dpeg_circular_temple
Lair:1:   layout_roguey
Lair:2:   layout_big_grid, grunt_megastairs_4, infiniplex_staircase_pool_2

Skill      XL: |  1  2  3  4  5  6  7  8  9 10 11 12 |
---------------+-------------------------------------+-----
Maces & Flails | 4 5 6 7 8 9 11 13 14 | 14.0
Fighting       | 7 10 12 | 12.6
Dodging        | 7 10 11 | 11.9
Invocations    | 2 4 |  4.2
Evocations     | 2 3 |  3.8
Throwing       | |  2.0

Action                   |  1- 3 |  4- 6 |  7- 9 | 10-12 || total
-------------------------+-------+-------+-------+-------++-------
Melee: Flail             |    95 |   126 |   199 |   385 ||   805
       Headbutt          |    11 |    14 |    70 |    76 ||   171
       Morningstar       |       |    23 |   134 |       ||   157
       Dire flail        |       |       |       |    48 ||    48
       Punch             |       |       |       |     1 ||     1
Invok: Heroism           |       |       |       |     3 ||     3
Evoke: Wand              |       |       |       |     4 ||     4
  Use: Potion            |     1 |     2 |     1 |     6 ||    10
       Scroll            |     5 |     5 |     8 |     7 ||    25
  Eat: Chunk             |     1 |     5 |     5 |    12 ||    23
       Ration            |       |       |     2 |       ||     2
Armor: Leather armour    |    19 |       |    66 |    96 ||   181
       Ring mail         |     3 |    81 |    12 |       ||    96
Dodge: Dodged            |    61 |    88 |   149 |   258 ||   556
Block: Other             |       |    18 |    32 |    44 ||    94
       Reflection        |       |       |     2 |     5 ||     7
